 Dungeon Crawl Stone Soup version 0.31.0-9-g3a7656b989 (webtiles) character file.

Game seed: 11429154967482712516

6925 Killerpretzel the Nimble (level 10, -11/54 (55) HPs)
             Began as a Felid Shapeshifter on Feb 5, 2024.
             Was a Believer of Wu Jian.
             Mangled by Fannar
             ... wielding a +0 quarterstaff of freezing
              (16 damage)
             ... on level 10 of the Dungeon.
             The game lasted 00:34:06 (10699 turns).

Killerpretzel the Nimble (Felid Shapeshifter)      Turns: 10699, Time: 00:34:07

HP:   -11/54 (55)   AC:  2    Str: 10    XL:     10   Next: 80%
MP:   11/11         EV: 25    Int: 14    God:    Wu Jian [**....]
Gold: 770           SH:  0    Dex: 20    Spells: 9/9 levels left
                                        Lives: 0   Deaths: 4

rFire   . .          .
                       - Unarmed
rCold   + . .        (shield unavailable)
rNeg    . . .        (body armour unavailable)
rPois   .            (helmet unavailable)
rElec   .            (cloak unavailable)
rCorr   .            (gloves unavailable)
SInv    +            (boots unavailable)
Will    ++...        y - amulet of regeneration
Stlth   ++           q - ring of protection from cold
HPRegen 1.09/turn    u - ring of willpower
MPRegen 0.12/turn

%: no passive effects
@: mighty, beast-form, lightly drained
A: beast (slay +4), very small, claws 1, fangs 3, see invisible, shaggy fur 2,
stealthy paws, no weapons or thrown items, no armour, multi-lived
a: Begin Untransformation, Renounce Religion, Wall Jump


You were on level 10 of the Dungeon.
You worshipped Wu Jian.
Wu Jian was pleased with you.
You were a hulking beast.
You visited 2 branches of the dungeon, and saw 11 of its levels.
You also visited: Bailey.

You collected 770 gold pieces.

Inventory:

Jewellery
 a - a +6 ring of intelligence
 m - an amulet of reflection
 q - a ring of protection from cold (left paw)
 u - a ring of willpower (right paw)
 y - an amulet of regeneration (around neck)
Talismans
 b - a beast talisman
 c - a flux talisman
 k - a maw talisman
Wands
 i - a wand of acid (7)
 o - a wand of flame (5)
 s - a wand of digging (5)
 B - a wand of mindburst (4)
 D - a wand of iceblast (11)
Scrolls
 e - a scroll of torment {unknown}
 f - a scroll of enchant weapon
 n - a scroll of amnesia
 t - a scroll of revelation {unknown}
 w - a scroll of teleportation
 x - a scroll of poison {unknown}
 C - a scroll of identify
Potions
 d - 4 potions of mutation
 h - 3 potions of degeneration
 j - 6 potions of enlightenment
 l - a potion of heal wounds
 v - a potion of curing


   Skills:
 + Level 7.4 Fighting
 + Level 10.1 Dodging
 + Level 8.1 Unarmed Combat
 * Level 9.3 Shapeshifting


You had 9 spell levels left.
You didn't know any spells.
Your spell library contained the following spells:

 Spells                   Type           Power      Damage    Failure   Level
 Foxfire                  Conj/Fire      0%         2x1d4     28%         1
 Sandblast                Erth           0%         2d4       28%         1
 Sting                    Conj/Alch      0%         1d3       28%         1
 Mercury Vapours          Alch/Air       0%         N/A       41%         2
 Scorch                   Fire           0%         2d5       41%         2
 Passwall                 Erth           0%         N/A       65%         3
 Stone Arrow              Conj/Erth      0%         3d7       65%         3
 Brom's Barrelling Bould  Conj/Erth      0%         2d3       96%         4
 Flame Wave               Conj/Fire      0%         2d4       96%         4
 Ignite Poison            Fire/Alch      0%         N/A       96%         4
 Olgreb's Toxic Radiance  Alch           0%         N/A       96%         4
 Plasma Beam              Fire/Air       0%         2x1d10    100%        6
 Starburst                Conj/Fire      0%         6d3       100%        6
 Summon Cactus Giant      Summ           0%         N/A       100%        6


Dungeon Overview and Level Annotations

Branches:
Dungeon (10/15)            Temple (1/1) D:7            Lair (0/5) D:8
 Bailey (visited)
    Orc: D:9-12

Altars:
Ashenzari
Cheibriados
Dithmenos
Elyvilon
Fedhas
Gozag
Hepliaklqana
Kikubaaqudgha
Makhleb
Nemelex Xobeh
Okawaru
Qazlal
Ru
Sif Muna
Trog
Uskayaw
Vehumet
Wu Jian
Xom
Yredelemnul
Zin
The Shining One

Shops:
D:1 (   D:6 *   D:9 =

Annotations:
D:2 exclusion: goblin, Sigmund
D:7 Jeremiah
D:10 Fannar


Innate Abilities, Weirdness & Mutations

You are a hulking beast.
Your limbs bulge with bestial killing power. (Slay +4)
You have sharp claws.
You have razor-sharp teeth.
You have supernaturally acute eyesight. (SInv)
You are covered in thick fur. (AC +2)
Your paws help you pounce on unaware monsters.
You are incapable of wielding weapons or throwing items.
You cannot wear armour.
You gain extra lives every three experience levels.


Message History

Fannar closely misses you. The ice beast completely misses you.
The ice beast hits you.
* * * LOW HITPOINT WARNING * * *
The ice beast freezes you. You resist.
* * * LOW HITPOINT WARNING * * *
It was a potion of heal wounds.
You feel much better. Fannar misses you.
It was a potion of brilliance.
You feel clever all of a sudden. The ice beast hits you.
The ice beast freezes you! You resist. The ice beast completely misses you.
Fannar misses you.
It was a potion of cancellation.
Your magical effects are unravelling.
You feel magically purged.
You feel yourself slow down.
You feel a little less clever now. The ice beast completely misses you.
The ice beast closely misses you.
It was a potion of ambrosia.
You are confused.
You feel invigorated.
Fannar hits you with a +0 quarterstaff of freezing!
The ice beast barely misses you. The ice beast closely misses you.
Fannar closely misses you. The ice beast closely misses you.
The ice beast barely misses you. Fannar completely misses you.
The ice beast completely misses you. The ice beast hits you.
The ice beast freezes you. You resist.
You feel less invigorated.
You feel less confused.
Fannar brushes some snowflakes from their robe.
Fannar gestures at you while chanting. The bolt of cold hits you! You resist.
The ice beast hits you.
* * * LOW HITPOINT WARNING * * *
The ice beast freezes you. You resist.
* * * LOW HITPOINT WARNING * * *
The ice beast hits you.
* * * LOW HITPOINT WARNING * * *
The ice beast freezes you. You resist.
* * * LOW HITPOINT WARNING * * *
It was a potion of might.
You feel very mighty all of a sudden.
Fannar hits you with a +0 quarterstaff of freezing!
You die...

##...##..##..##[.....#
##...##..##..##...####
##.......'...##...##
.'.......#.........#
############'##....#
#.............#....#
#.............#....#
..............#+########
................he.....[
.............>..YY......
.#####'##...............
#......##+###..........
#...<.......+..........
#...........#..........
#....####...#..........
#....# ...#..........
#.....# ..#..........


You could see Fannar and 2 ice beasts.

Vanquished Creatures
  3 two-headed ogres
  Maggie (D:8)
  A komodo dragon (D:9)
  Grinder (D:6)
  3 wyverns
  A vampire (D:9)
  An acid dragon (D:9)
  A water moccasin (D:7)
  7 orc warriors (Bailey)
  A black bear (D:6)
  A phantom (D:7)
  2 centaurs
  A gnoll sergeant (D:9)
  2 kobold brigands
  4 bullfrogs
  2 scorpions
  14 wights
  4 killer bees (D:8)
  3 howler monkeys (D:8)
  2 bombardier beetles
  4 hounds
  A jelly (D:5)
  6 orc priests
  A gnoll bouda (D:6)
  A sleepcap (D:8)
  4 iguanas
  6 orc wizards
  13 gnolls
  12 adders
  A river rat (D:5)
  A white imp (D:5)
  4 ufetubi
  3 dart slugs
  2 ribbon worms (D:2)
  28 orcs
  12 bats
  3 endoplasms
  2 giant cockroaches (D:2)
  13 goblins
  8 hobgoblins
  6 jackals
  23 kobolds
  6 quokkas
  2 ball pythons
  A frilled lizard (D:3)
  6 rats
224 creatures vanquished.

Vanquished Creatures (others)
  A kobold (D:8)
1 creature vanquished.

Grand Total: 225 creatures vanquished

Notes
Turn   | Place    | Note
-------+----------+-------------------------------------------
     0 | D:1      | Killerpretzel the Felid Shapeshifter began the quest for
                  | the Orb.
     0 | D:1      | Reached XP level 1. HP: 10/10 MP: 2/2
   300 | D:1      | Reached XP level 2. HP: 14/14 MP: 3/3
   306 | D:1      | Reached skill level 3 in Dodging
   337 | D:1      | Found Ruphom's Antique Weapon Shop.
   783 | D:2      | Reached XP level 3. HP: 15/18 MP: 4/4
   997 | D:2      | Noticed Sigmund
  2198 | D:3      | Reached XP level 4. HP: 19/23 MP: 5/5
  2198 | D:3      | Gained a life (2 lives remaining)
  2961 | D:4      | Reached skill level 4 in Dodging
  2961 | D:4      | Reached XP level 5. HP: 17/26 MP: 6/6
  3049 | D:4      | Found a glowing silver altar of Zin.
  3223 | D:4      | Gained mutation: You are covered in thick fur. (AC +2)
                  | [Felid growth]
  3223 | D:4      | Reached XP level 6. HP: 29/32 MP: 7/7
  3393 | D:4      | Slain by an orc
  3393 | D:4      | Lost a life (1 life remaining)
  3463 | D:4      | Found a stormy altar of Qazlal.
  4328 | D:5      | Entered Level 5 of the Dungeon
  4546 | D:5      | Reached skill level 5 in Dodging
  4546 | D:5      | Reached XP level 7. HP: 36/36 MP: 8/8
  4546 | D:5      | Gained a life (2 lives remaining)
  5347 | D:6      | Reached skill level 5 in Shapeshifting
  5652 | D:6      | Found Guphonte's Neck Hole.
  5689 | D:6      | Noticed Grinder
  5696 | D:6      | Paralysed by Grinder for 3 turns
  5702 | D:6      | Killed Grinder
  5703 | D:6      | Reached skill level 5 in Unarmed Combat
  5822 | D:6      | Reached XP level 8. HP: 33/42 MP: 9/9
  5834 | D:6      | Reached skill level 6 in Dodging
  5839 | D:6      | Killed from afar by an orc priest
  5839 | D:6      | Lost a life (1 life remaining)
  6782 | D:7      | Found a staircase to the Ecumenical Temple.
  6810 | Temple   | Entered the Ecumenical Temple
  6896 | Temple   | Became a worshipper of the Wu Jian Council
  7157 | D:7      | Reached skill level 5 in Fighting
  7157 | D:7      | Reached skill level 7 in Dodging
  7239 | D:7      | Got Zifousist's Thoughts on the Queen Bee
  7269 | D:7      | Noticed Jeremiah
  7684 | D:8      | Found a staircase to the Lair.
  7736 | D:8      | Reached XP level 9. HP: 46/47 MP: 10/10
  7903 | D:8      | Reached * piety under Wu Jian
  7903 | D:8      | Noticed a two-headed ogre
  7915 | D:8      | Killed a two-headed ogre
  7916 | D:8      | Reached skill level 8 in Dodging
  8568 | D:8      | Noticed Maggie
  8581 | D:8      | HP: 1/48 [kobold brigand/+0 whip (5)]
  8582 | D:8      | Succumbed to Maggie's poison
  8582 | D:8      | Lost a life (0 lives remaining)
  8655 | D:8      | Killed Maggie
  8793 | D:8      | Reached XP level 10. HP: 51/53 MP: 11/11
  8793 | D:8      | Gained a life (1 life remaining)
  9337 | D:9      | Noticed a two-headed ogre
  9348 | D:9      | Killed a two-headed ogre
  9349 | D:9      | Reached skill level 9 in Dodging
  9377 | D:9      | HP: 1/53 [komodo dragon (17)]
  9378 | D:9      | Slain by a komodo dragon
  9378 | D:9      | Lost a life (0 lives remaining)
  9528 | D:9      | Found Mipaet's One-of-a-Kind Rings.
  9637 | D:9      | Reached ** piety under Wu Jian
  9824 | D:9      | Found a flagged portal.
  9851 | Bailey   | Entered a bailey
 10248 | D:9      | Noticed a two-headed ogre
 10260 | D:9      | Killed a two-headed ogre
 10284 | D:9      | Reached skill level 10 in Dodging
 10402 | D:10     | Entered Level 10 of the Dungeon
 10669 | D:10     | Noticed Fannar
 10699 | D:10     | Mangled by Fannar

Illustrated notes

Levels and vault maps discovered:
D:1:      psy_arrival_whirlpool, layout_loops_ring, serial_shops,
          nicolae_shop_tiny_glass, minmay_hedge_maze
D:2:      layout_loops_ring, uniq_sigmund
D:3:      layout_basic, st_stairs_14
D:4:      layout_layer_cave, grunt_qazlal_sundering,
          nicolae_overflow_crystal_walls
D:5:      layout_gridville, gup_sewer_entry_bubbles
D:6:      layout_basic, grunt_ministairs_13, nicolae_shop_sticking_my_neck_out,
          uniq_grinder
D:7:      layout_basic, temple_statues, roderic_batcave, minmay_crystal_room,
          minmay_gold_behind_fungi, kennysheep_crisscross, uniq_jeremiah
D:8:      layout_loops_corners, lair_entry_dummy, uniq_maggie
D:9:      layout_basic, enter_bailey_5, nicolae_shop_unique_rings
D:10:     layout_gridville, uniq_fannar
Temple:   nicolae_temple_slightly_damp_pantheon

Skill      XL: |  1  2  3  4  5  6  7  8  9 10 |
---------------+-------------------------------+-----
Dodging        | 3 4 5 7 8 10 | 10.1
Shapeshifting  | 3 4 5 6 8 9 |  9.3
Fighting       | 2 3 4 5 6 7 |  7.4
Unarmed Combat | 4 5 6 7 8 |  8.1

Action                     |  1- 3 |  4- 6 |  7- 9 | 10-12 || total
---------------------------+-------+-------+-------+-------++-------
  Melee: Unarmed           |    98 |   148 |   327 |   195 ||   768
         Bite              |     6 |    19 |    43 |    15 ||    83
         Punch             |     1 |     4 |    14 |    13 ||    32
Ability: Lunge             |       |       |    24 |    20 ||    44
         Whirlwind         |       |       |     5 |     2 ||     7
  Evoke: Wand              |       |       |       |     6 ||     6
    Use: Scroll            |     4 |       |     8 |       ||    12
         Potion            |       |       |     2 |     7 ||     9
   Stab: Sleeping          |     5 |     1 |     6 |       ||    12
 Armour: Skin              |    30 |    35 |    68 |    55 ||   188
  Dodge: Dodged            |    71 |   122 |   209 |   190 ||   592
  Block: Other             |     1 |    24 |    60 |     8 ||    93
         Reflection        |       |     1 |     2 |       ||     3
